 Dungeon Crawl Stone Soup version 0.31-a0-237-g2d982f9f85 (webtiles) character file.

Game seed: 11750166439953021239

546 qw the Shooter (level 7, -2/59 HPs)
             Began as a Minotaur Hexslinger on July 10, 2023.
             Was an Initiate of Okawaru.
             Slain by an orc
             ... wielding a +0 club
              (4 damage)
             ... on level 5 of the Dungeon.
             The game lasted 00:01:19 (4006 turns).

qw the Shooter (Minotaur Hexslinger)                Turns: 4006, Time: 00:01:20

Health: -2/59      AC:  5    Str: 12    XL:     7   Next: 6%
Magic:  7/7        EV: 12    Int: 10    God:    Okawaru [......]
Gold:   239        SH:  0    Dex: 21    Spells: 7/8 levels left

rFire   . . .        Y - +1 sling
rCold   . . .        (no shield)
rNeg    . . .        f - +0 ring mail
rPois   +            (helmet restricted)
rElec   .            (no cloak)
rCorr   .            (no gloves)
SInv    .            (no boots)
Will    .....        (no amulet)
Stlth   +            g - +6 ring of dexterity
HPRegen 0.29/turn    b - ring of poison resistance
MPRegen 0.10/turn

%: no passive effects
@: no status effects
A: horns 2, retaliatory headbutt
a: Renounce Religion


You were on level 5 of the Dungeon.
You worshipped Okawaru.
Okawaru was noncommittal.
You visited 2 branches of the dungeon, and saw 6 of its levels.

You collected 239 gold pieces.


Innate Abilities, Weirdness & Mutations

You have a pair of horns on your head.
You reflexively headbutt those who attack you in melee.


   Skills:
 - Level 4.0 Fighting
 + Level 7.1 Ranged Weapons
 - Level 1.4 Armour
 - Level 3.1 Dodging
 - Level 1.0 Spellcasting
 - Level 2.0 Hexes


You had 7 spell levels left.
You knew the following spells:

 Your Spells              Type           Power      Damage    Failure   Level
a - Slow                  Hex            16%        N/A       32%         1

Your spell library contained the following spells:

 Spells                   Type           Power      Damage    Failure   Level
 Inner Flame              Hex/Fire       2%         N/A       83%         3
 Portal Projectile        Hex/Tloc       4%         N/A       83%         3
 Cause Fear               Hex            2%         N/A       97%         4

Inventory:

Hand Weapons
 Y - a +1 sling (weapon)
Armour
 f - a +0 ring mail (worn)
Jewellery
 a - a +4 ring of protection
 b - a ring of poison resistance (right hand)
 g - a +6 ring of dexterity (left hand)
Scrolls
 h - a scroll of identify
Potions
 c - a potion of cancellation {unknown}
 d - a potion of enlightenment {unknown}
 e - a potion of attraction {unknown}
 i - a potion of mutation {unknown}
 j - 2 potions of might
 l - a potion of lignification {unknown}

Dungeon Overview and Level Annotations

Branches:
Dungeon (5/15)             Temple (1/1) D:4

Altars:
Cheibriados
Elyvilon
Fedhas
Gozag
Hepliaklqana
Kikubaaqudgha
Makhleb
Nemelex Xobeh
Okawaru
Qazlal
Ru
Sif Muna
Trog
Uskayaw
Wu Jian
Xom
Yredelemnul
Zin

Shops:
D:1 *


Message History

You hear some strange, mumbled words.
A puff of flame appears from out of thin air!
The puff of flame hits something.
The orc hits you but does no damage.
You shoot a sling bullet.
The sling bullet barely misses the jelly.
The jelly barely misses you. You furiously retaliate!
You headbutt the jelly!
The orc priest hits you with a +0 short sword.
You hear some strange, mumbled words.
A puff of flame appears from out of thin air!
The puff of flame misses you. The orc barely misses you.
You furiously retaliate!
You headbutt the orc. You shoot a sling bullet.
The sling bullet hits the jelly but does no damage.
The jelly is almost dead.
The jelly hits you but does no damage. The orc priest completely misses you.
An orc priest comes into view. It is wielding a +0 mace.
You shoot a sling bullet.
The sling bullet completely misses the jelly.
The jelly hits you.
You are splashed with acid!
The orc priest calls upon Beogh to heal the orc.
The orc's wounds heal themselves!
Something hits you but does no damage. The orc hits you but does no damage.
You shoot a sling bullet. The sling bullet hits the jelly!
You kill the jelly!
Okawaru accepts your kill.
Something hits you but does no damage. x2
The orc priest looks satisfied for a moment.
The orc hits you with a +0 club.
Your Dodging skill increases to level 3!
You shoot a sling bullet. The sling bullet hits the orc priest.
The orc priest is moderately wounded.
Something hits you. x2; The orc hits you but does no damage.
The orc priest looks satisfied for a moment.
The orc priest misses you.
You hear some strange, mumbled words.
A puff of flame appears from out of thin air!
The puff of flame hits you.
The orc priest hits you but does no damage.
Something hits you but does no damage. The orc hits you with a +0 club.
You die...

#### # ####..#### ##
##........## #.
##..........## ##.
#o@..........# ##..
#.oo{.........###..#
#.............#..###
#.................##
...##.............##
...# ##...........##
... ##.........## ..
###.......#
#.......#


You could see 2 orc priests and an orc.

Vanquished Creatures
  Sigmund (D:4)
  An ogre (D:4)
  A scorpion (D:5)
  A jelly (D:5)
  An orc priest (D:4)
  Jessica (D:2)
  3 gnolls (D:3)
  4 adders
  A worm (D:4)
  10 orcs
  5 ball pythons
  7 endoplasms
  6 giant cockroaches
  10 hobgoblins
  2 quokkas
  12 bats
  6 goblins
  5 kobolds
77 creatures vanquished.

Notes
Turn   | Place    | Note
-------+----------+-------------------------------------------
     0 | D:1      | qw the Minotaur Hexslinger began the quest for the Orb.
     0 | D:1      | Reached XP level 1. HP: 16/16 MP: 1/1
     0 | D:1      | 0 ||| qw: Version: 0.3-a-52-g30416fa
     0 | D:1      | 0 ||| qw: Game counter: 5129
     0 | D:1      | 0 ||| qw: Melee chars always use a shield: true
     0 | D:1      | 0 ||| qw: God list: Okawaru
     0 | D:1      | 0 ||| qw: Allow faded altars: false
     0 | D:1      | 0 ||| qw: Do Orc after clearing Dungeon:15 true
     0 | D:1      | 0 ||| qw: Do second Lair branch before Depths: true
     0 | D:1      | 0 ||| qw: Lair rune preference: random
     0 | D:1      | 0 ||| qw: Goals: Normal
     0 | D:1      | 0 ||| PLANNING D:1-11
    33 | D:1      | Found a faded altar of an unknown god.
   110 | D:1      | Found Wuratubb's Assorted Antiques.
   121 | D:1      | 121 ||| SHOPLISTING bound diamond amulet (125 gold, have
                  | 6).
   121 | D:1      | 121 ||| SHOPLISTING ring mail (100 gold, have 6).
   121 | D:1      | 121 ||| SHOPLISTING runed leather armour (125 gold, have
                  | 6).
   121 | D:1      | 121 ||| SHOPLISTING scroll labelled GYIWEMOHYGG (25 gold,
                  | have 6).
   121 | D:1      | 121 ||| SHOPLISTING scroll labelled SEAD QAICEKA (25 gold,
                  | have 6).
   121 | D:1      | 121 ||| SHOPLISTING scroll labelled VEZAFFIZUM (25 gold,
                  | have 6).
   145 | D:1      | Reached skill level 3 in Ranged Weapons
   148 | D:1      | Reached XP level 2. HP: 23/23 MP: 2/2
   588 | D:1      | 588 ||| UPGRADING to +6 ring of dexterity.
   589 | D:1      | 589 ||| READING scroll labelled GYIWEMOHYGG.
   590 | D:1      | 590 ||| READING 2 scrolls labelled PIRYPSIGRE.
   591 | D:1      | 591 ||| READING scroll labelled TEARCHOFAELO.
   592 | D:1      | 592 ||| READING scroll labelled SEOXKY KOAXES.
   637 | D:1      | 637 ||| DROPPING scroll of poison.
   638 | D:1      | 638 ||| DROPPING scroll of noise.
   710 | D:2      | Noticed Jessica
   715 | D:2      | Killed Jessica
   716 | D:2      | Reached skill level 4 in Ranged Weapons
   716 | D:2      | Reached XP level 3. HP: 29/29 MP: 3/3
   814 | D:2      | 814 ||| UPGRADING to +0 leather armour.
   868 | D:2      | 868 ||| DROPPING +0 robe.
  1017 | D:2      | Reached XP level 4. HP: 36/36 MP: 4/4
  1050 | D:2      | 1050 ||| UPGRADING to +0 ring mail.
  1060 | D:2      | 1060 ||| DROPPING +0 leather armour.
  1211 | D:2      | 1211 ||| UPGRADING to +4 ring of protection.
  1212 | D:2      | 1212 ||| READING scroll labelled QOEMEFF EZIARCH.
  1705 | D:3      | Reached skill level 1 in Armour
  1869 | D:3      | Reached skill level 5 in Ranged Weapons
  2027 | D:3      | Found a glowing silver altar of Zin.
  2029 | D:3      | Found a snail-covered altar of Cheibriados.
  2043 | D:3      | You fall into a shaft and drop 2 floors!
  2043 | D:5      | Entered Level 5 of the Dungeon
  2067 | D:5      | Noticed a scorpion
  2078 | D:5      | Killed a scorpion
  2079 | D:5      | Reached skill level 3 in Fighting
  2079 | D:5      | Reached XP level 5. HP: 19/45 MP: 5/5
  2263 | D:5      | 2263 ||| DRINKING 2 blue potions.
  2264 | D:5      | 2264 ||| DRINKING 2 brown potions.
  2265 | D:5      | 2265 ||| READING 2 scrolls of identify.
  2265 | D:5      | 2265 ||| IDENTIFYING fuming brown potion
  2266 | D:5      | 2266 ||| DROPPING potion of brilliance.
  2267 | D:5      | 2267 ||| DROPPING potion of degeneration.
  2268 | D:5      | 2268 ||| DROPPING potion of magic.
  2651 | D:3      | 2651 ||| UPGRADING to ring of poison resistance.
  2653 | D:3      | 2653 ||| READING scroll labelled YLYABU PEDA.
  2654 | D:3      | 2654 ||| READING scroll labelled AKAIVYJADO.
  2689 | D:4      | Found a staircase to the Ecumenical Temple.
  2690 | D:4      | 2690 ||| PLANNING TEMPLE
  2690 | D:4      | 2690 ||| DRINKING 3 bubbling ruby potions.
  2693 | D:4      | Noticed an ogre
  2700 | D:4      | Killed an ogre
  2701 | D:4      | Reached skill level 6 in Ranged Weapons
  2701 | D:4      | Reached XP level 6. HP: 51/51 MP: 6/6
  2723 | Temple   | Entered the Ecumenical Temple
  2799 | Temple   | 2799 ||| PLANNING OKAWARU WORSHIP
  2814 | Temple   | Became a worshipper of Warmaster Okawaru
  2815 | Temple   | 2815 ||| PLANNING D:1-11
  3289 | D:4      | Noticed Sigmund
  3305 | D:4      | Killed Sigmund
  3306 | D:4      | Reached skill level 7 in Ranged Weapons
  3310 | D:4      | HP: 9/52 [orc priest/divine providence (14)]
  3877 | D:4      | 3877 ||| READING scroll labelled LIM JECSIGHUAC.
  4000 | D:5      | Reached XP level 7. HP: 34/59 MP: 7/7
  4004 | D:5      | HP: 11/59 [acid (8)]
  4006 | D:5      | Reached skill level 3 in Dodging
  4006 | D:5      | HP: 4/59 [something (3)]
  4006 | D:5      | Slain by an orc

Levels and vault maps discovered:
D:1:      lemuel_arrival_lava_pool, layout_basic, serial_shops,
          nicolae_shop_advertising_works [nicolae_subvault_shop_adworks],
          basic_ecumenical_altar
D:2:      layout_loops_ring, serial_bayou, serial_bayou_pond_c,
          serial_bayou_lagoon_b, serial_bayou_lagoon_a, serial_bayou_ford_a,
          serial_bayou_pond_c, serial_bayou_pond_d, minmay_misc_feat_pillars,
          uniq_jessica
D:3:      wander_river, layout_loops_ring,
          chequers_temple_overflow_statue_of_worship, nicolae_figureground_pulse
D:4:      layout_basic, minmay_temple_entry_slanted, minmay_strange_pillars,
          hangedman_abyss_or_decor_lesser_grid, uniq_sigmund
D:5:      layout_cave_pods, serial_shops, shop, amethyst_killhole
Temple:   lightli_temple_of_artemis

Skill      XL: |  1  2  3  4  5  6  7 |
---------------+----------------------+-----
Ranged Weapons | 3 4 5 6 7 |  7.1
Fighting       | 2 3 4 |  4.0
Armour         | 1 |  1.4
Dodging        | 3 |  3.1
Spellcasting   | |  1.0
Hexes          | |  2.0

Action                     |  1- 3 |  4- 6 |  7- 9 || total
---------------------------+-------+-------+-------++-------
   Fire: Sling             |    66 |   179 |     7 ||   252
    Use: Scroll            |     4 |     5 |       ||     9
         Potion            |       |     3 |       ||     3
 Armour: Robe              |     2 |       |       ||     2
         Ring mail         |       |    25 |    11 ||    36
         Leather armour    |       |     1 |       ||     1
  Dodge: Dodged            |    13 |    70 |     8 ||    91

Table legend:
 A = Non-vault XP
 B = Vault XP
 C = Vault XP percentage of total XP
 D = Non-vault monster count
 E = Vault monster count
 F = Vault count percentage of total count
                 A         B        C        D         E       F
            +---------+---------+-------+---------+---------+-------
      Total |     518 |     263 |  33.7 |      75 |       2 |   2.6
            +---------+---------+-------+---------+---------+-------
        D:1 |      31 |       0 |   0.0 |      17 |       0 |   0.0
        D:2 |      44 |      37 |  45.7 |      19 |       1 |   5.0
        D:3 |      68 |       0 |   0.0 |      10 |       0 |   0.0
        D:4 |     223 |     226 |  50.3 |      24 |       1 |   4.0
        D:5 |     152 |       0 |   0.0 |       5 |       0 |   0.0
            +---------+---------+-------+---------+---------+-------
